 Dungeon Crawl Stone Soup version bcrawl-1.22 (webtiles) character file.

Game seed: 8660431145237397136

728 Freyura the Skirmisher (level 7, 0/61 HPs)
             Began as a Minotaur Fighter on May 21, 2020.
             Was an Initiate of Ashenzari.
             Slain by an orc warrior
             ... wielding a +0 halberd
              (6 damage)
             ... on level 5 of the Dungeon.
             The game lasted 00:10:42 (2833 turns).

Freyura the Skirmisher (Minotaur Fighter)           Turns: 2833, Time: 00:10:42

Health: 0/61       AC:  8    Str: 24    XL:     7   Next: 44%
Magic:  7/7        EV: 12    Int:  5    God:    Ashenzari [......]
Gold:   380        SH:  0    Dex: 15    Spells: 6/6 levels left

rFire    . . .     SeeInvis .   b - +3 dire flail (holy)
rCold    . . .     Gourm    .   (shield currently unavailable)
rNeg     + . .     Faith    .   g - +0 pearl dragon scales (curse)
rPois    .         Spirit   .   (helmet restricted)
rElec    .         Reflect  .   (no cloak)
rCorr    .         Harm     .   (no gloves)
MR       .....                  y - -5 pair of boots "Wogriwuf" {Str+3 Dex+4} (curse)
Stlth    ..........             (no amulet)
HPRegen  0.20/turn              (no ring)
MPRegen  0.10/turn              (no ring)

@: no status effects
A: retaliatory headbutt, horns 2
a: Curse Item, Renounce Religion


You were on level 5 of the Dungeon.
You worshipped Ashenzari.
Ashenzari was noncommittal.
You were not hungry.

You visited 1 branch of the dungeon, and saw 5 of its levels.

You collected 380 gold pieces.

Inventory:

Hand Weapons
 a - a +0 war axe
 b - a +3 dire flail of holy wrath (weapon)
Missiles
 v - a throwing net (quivered) {!f}
Armour
 c - a +0 medium shield
 g - cursed +0 pearl dragon scales (worn)
 y - the cursed -5 pair of boots "Wogriwuf" (worn) {Str+3 Dex+4}
   (You found it on level 5 of the Dungeon)

   It affects your strength (+3).
   It affects your dexterity (+4).
   It has a curse placed upon it.
Wands
 u - a wand of random effects (7)
Scrolls
 l - 2 scrolls of fear {unknown}
 m - 5 scrolls of teleportation
 o - 3 scrolls of remove curse {unknown}
 p - a scroll of enchant armour {unknown}
 t - a scroll of enchant weapon {unknown}
Potions
 d - a potion of brilliance
 f - a potion of cancellation
 i - 2 potions of agility
 j - a potion of heal wounds
 k - a potion of flight
 n - a potion of berserk rage
 q - 4 potions of curing
 r - 2 potions of lignification {unknown}
 s - a potion of ambrosia {unknown}
 w - a potion of invisibility {unknown}
 x - a potion of might
Comestibles
 e - 11 rations {!d}


   Skills:
 + Level 5.4 Fighting
 - Level 5.0(5.4) Axes
 * Level 3.0(4.4) Maces & Flails
 + Level 5.2 Armour
 + Level 3.5 Dodging
 - Level 4.8 Shields
 + Level 1.6 Evocations


You had 6 spell levels left.
You didn't know any spells.
Your spell library was empty.

Dungeon Overview and Level Annotations

Branches:
Dungeon (5/12)
 Temple: D:4-7

Altars:
Ashenzari
Makhleb
Zin


Innate Abilities, Weirdness & Mutations

You reflexively headbutt those who attack you in melee.
You have a pair of horns on your head.


Message History

You are too injured to fight recklessly!
You are too injured to fight recklessly!
You are too injured to fight recklessly!
You are too injured to fight recklessly!
You are too injured to fight recklessly!
You are too injured to fight recklessly!
You are too injured to fight recklessly!
The orc warrior misses you.
You are too injured to fight recklessly!
You hit the orc.
The orc is severely wounded.
The orc misses you.
The orc warrior hits you from afar with a +0 halberd!
* * * LOW HITPOINT WARNING * * *
The orc hits you but does no damage. The orc barely misses you.
You barely miss the orc.
The orc is severely wounded.
The orc barely misses you. The orc closely misses you.
The orc warrior hits you from afar with a +0 halberd.
You die...

...........####...##
.######.....####..#
# #....#.###### ##.
#.....#.# . .(##
#......#.
#.##...##......#
#.$.#o.#.....##
##8.8.#o#....##
#...($oo@..###
#..###..#..# ##.#..#
###..# #..# ..## ###


You could see an orc warrior, an orc wizard and 2 orcs.

Vanquished Creatures
  Edmund (D:4)
  A sky beast (D:4)
  An ogre (D:4)
  A centaur zombie (D:5)
  3 orc wizards
  An orc priest (D:5)
  A centaur skeleton (D:5)
  Jessica (D:2)
  4 gnolls (D:5)
  4 adders
  A shadow imp (D:5)
  5 oozes
  3 worms
  4 dart slugs
  8 leopard geckos
  14 orcs
  5 giant cockroaches
  7 goblins
  12 hobgoblins
  9 jackals
  3 kobolds
  4 quokkas
  A ball python (D:1)
  4 bats
  4 frilled lizards
  A quokka skeleton (D:4)
  8 rats
111 creatures vanquished.

Notes
Turn   | Place    | Note
-------+----------+-------------------------------------------
     0 | D:1      | Freyura the Minotaur Fighter began the quest for the Orb.
     0 | D:1      | Reached XP level 1. HP: 19/19 MP: 0/0
     2 | D:1      | Found a runed door.
    33 | D:1      | Reached XP level 2. HP: 21/27 MP: 1/1
   120 | D:1      | Reached skill level 1 in Dodging
   140 | D:1      | Reached XP level 3. HP: 16/33 MP: 2/2
   606 | D:2      | Noticed Jessica
   612 | D:2      | Killed Jessica
   612 | D:2      | Reached XP level 4. HP: 34/40 MP: 3/3
  1250 | D:2      | Reached XP level 5. HP: 41/47 MP: 4/4
  1668 | D:4      | Noticed Edmund
  1684 | D:4      | Killed Edmund
  1684 | D:4      | Reached skill level 5 in Axes
  1684 | D:4      | Reached XP level 6. HP: 49/55 MP: 5/5
  1955 | D:4      | Reached skill level 5 in Fighting
  1955 | D:4      | Reached skill level 1 in Maces & Flails
  1955 | D:4      | Reached skill level 1 in Evocations
  2068 | D:4      | Noticed a sky beast
  2085 | D:4      | Killed a sky beast
  2085 | D:4      | Reached skill level 5 in Armour
  2085 | D:4      | Reached XP level 7. HP: 43/61 MP: 6/6
  2398 | D:5      | Entered Level 5 of the Dungeon
  2492 | D:5      | Got a pair of ichor-stained boots
  2514 | D:5      | Found a shattered altar of Ashenzari.
  2543 | D:5      | Found a burning altar of Makhleb.
  2547 | D:5      | Noticed a balrug
  2550 | D:5      | Found a glowing silver altar of Zin.
  2550 | D:5      | Noticed an angel
  2692 | D:5      | Became a worshipper of Ashenzari the Shackled
  2699 | D:5      | Identified the cursed -5 pair of boots "Wogriwuf" {Str+3
                  | Dex+4} (You found it on level 5 of the Dungeon)
  2833 | D:5      | Slain by an orc warrior

Skill      XL: |  1  2  3  4  5  6  7 |
---------------+----------------------+-----
Axes           | 3 4 5 |  5.0
Dodging        | 1 2 3 |  3.5
Fighting       | 4 5 |  5.4
Shields        | 4 |  4.8
Armour         | 4 5 |  5.2
Maces & Flails | 2 3 |  3.0
Evocations     | 1 |  1.6

Action                   |  1- 3 |  4- 6 |  7- 9 || total
-------------------------+-------+-------+-------++-------
Melee: War axe           |    56 |   103 |       ||   159
       Headbutt          |     6 |    20 |     4 ||    30
       Dire flail        |       |    36 |    23 ||    59
Invok: Curse Item        |       |       |     1 ||     1
  Use: Potion            |     1 |       |       ||     1
       Scroll            |       |       |     8 ||     8
  Eat: Chunk             |       |     4 |       ||     4
       Ration            |       |       |     1 ||     1
Armor: Scale mail        |    19 |       |       ||    19
       Pearl dragon scal |    10 |   102 |     9 ||   121
Dodge: Dodged            |    15 |    74 |    18 ||   107
Block: Medium shield     |    31 |    64 |       ||    95
